 Dungeon Crawl Stone Soup version 0.27.1-4-g1640c2035a (webtiles) character file.

Game seed: 9192198699727272854

260 Johnny the Slasher (level 6, -3/49 HPs)
             Began as a Human Berserker on Nov 1, 2021.
             Was a Believer of Trog.
             Slain by a gnoll (6 damage)
             ... on level 4 of the Dungeon.
             The game lasted 00:01:42 (1916 turns).

Johnny the Slasher (Human Berserker)                Turns: 1916, Time: 00:01:43

Health: -3/49      AC:  2    Str: 20    XL:     6   Next: 41%
Magic:  6/6        EV: 12    Int:  7    God:    Trog [**....]
Gold:   121        SH:  0    Dex: 12    Spells: 5/5 levels left

rFire    . . .     SeeInvis .   a - +0 falchion
rCold    . . .     Faith    .   (no shield)
rNeg     . . .     Spirit   .   b - +0 animal skin
rPois    .         Reflect  .   (no helmet)
rElec    .         Harm     .   d - scarf {repulsion}
rCorr    .         Rampage  .   (no gloves)
Will     .....                  (no boots)
Stlth    +.........             (no amulet)
HPRegen  0.16/turn              (no ring)
MPRegen  0.10/turn              (no ring)

@: brilliant, on berserk cooldown, slowed, repel missiles, very slow
A: no striking features
a: Renounce Religion, Berserk, Trog's Hand


You were on level 4 of the Dungeon.
You worshipped Trog.
Trog was pleased with you.
You visited 1 branch of the dungeon, and saw 3 of its levels.

You collected 121 gold pieces.

Inventory:

Hand Weapons
 a - a +0 falchion (weapon)
Armour
 b - a +0 animal skin (worn)
 d - a scarf of repulsion (worn)
Scrolls
 h - a scroll of blinking {unknown}
 i - a scroll of teleportation {unknown}
 j - a scroll of enchant weapon {unknown}
 l - a scroll of silence {unknown}
Potions
 c - a potion of brilliance
 e - a potion of invisibility {unknown}
 f - a potion of might {unknown}
 k - a potion of magic {unknown}


   Skills:
 + Level 4.5 Fighting
 * Level 5.7 Long Blades
 - Level 2.0 Armour
 - Level 2.0 Dodging


You had 5 spell levels left.
You didn't know any spells.
Your spell library was empty.

Dungeon Overview and Level Annotations

Branches:
Dungeon (2/15)

Altars:
Wu Jian

Shops:
D:2 *

Annotations:
D:2 1 runed translucent door


Message History

You are too injured to fight recklessly!
You are too injured to fight recklessly!
You are too injured to fight recklessly!
You are too injured to fight recklessly!
You are too injured to fight recklessly!
You are too injured to fight recklessly!
Unknown command.
This is a scroll of acquirement!
Something appears at your feet!
Your skin stops crawling.
You feel less strong-willed.
A goblin comes into view. It is wielding a +0 club.
The gnoll hits you from afar with a +0 spear.
The gnoll closely misses you.
The gnoll hits you with a +1 flail of holy wrath!
* * * LOW HITPOINT WARNING * * *
The gnoll hits you but does no damage.
Okay, then.
Okay, then.
The gnoll closely misses you. The gnoll misses you.
A kobold comes into view. It is wielding a +0 dagger.
The goblin shouts!
The kobold shouts!
The gnoll barely misses you.
The gnoll hits you from afar with a +0 spear.
* * * LOW HITPOINT WARNING * * *
The gnoll closely misses you. The goblin closely misses you.
The kobold barely misses you.
You riposte.
You hit the kobold.
You kill the kobold!
Trog accepts your kill.
An adder comes into view.
The goblin closely misses you.
The gnoll hits you from afar with a +0 spear.
* * * LOW HITPOINT WARNING * * *
The gnoll hits you from afar with a +0 spear.
* * * LOW HITPOINT WARNING * * *
The goblin barely misses you.
You riposte.
You barely miss the goblin.
It was a potion of brilliance.
You feel clever all of a sudden. The gnoll closely misses you.
The gnoll hits you from afar with a +0 spear.
You die...

.......####
.........S.
........# #.......#
#.......# #.......
#....# ######.@..#
#......g..##
#..?..ggg..#
#.)!.......#
###..).......#
..............#
...........=..##
...................
...................


You could see 3 gnolls, an adder (wandering) and a goblin.

Vanquished Creatures
  Grinder (D:4)
  A gnoll (D:4)
  An adder (D:2)
  4 endoplasms
  2 giant cockroaches
  7 goblins
  11 hobgoblins
  4 kobolds
  2 quokkas
  4 ball pythons
  2 bats
  3 frilled lizards
  2 rats (D:1)
44 creatures vanquished.

Notes
Turn   | Place    | Note
-------+----------+-------------------------------------------
     0 | D:1      | Johnny the Human Berserker began the quest for the Orb.
     0 | D:1      | Reached XP level 1. HP: 18/18 MP: 1/1
   175 | D:1      | Reached XP level 2. HP: 19/24 MP: 2/2
   513 | D:1      | Found a faded altar of an unknown god.
   600 | D:1      | Reached XP level 3. HP: 15/29 MP: 3/3
  1164 | D:2      | Found an ornate altar of the Wu Jian Council.
  1180 | D:2      | Found Tuaptaca's Assorted Antiques.
  1279 | D:2      | Reached ** piety under Trog
  1393 | D:2      | Reached skill level 4 in Long Blades
  1634 | D:2      | Reached XP level 4. HP: 31/35 MP: 4/4
  1890 | D:2      | Found a runed translucent door.
  1890 | D:2      | You fall into a shaft and drop 2 floors!
  1890 | D:4      | Noticed Grinder
  1897 | D:4      | Killed Grinder
  1898 | D:4      | Reached skill level 5 in Long Blades
  1898 | D:4      | Reached XP level 5. HP: 43/43 MP: 5/5
  1898 | D:4      | Reached XP level 6. HP: 49/49 MP: 6/6
  1909 | D:4      | Identified a scroll of acquirement
  1909 | D:4      | Acquired the ring of Lafut {rPois rCorr Dex+6 Slay+3 SInv}
  1916 | D:4      | Slain by a gnoll

Illustrated notes

Levels and vault maps discovered:
D:1:      roderic_chinese_lattice_arrival, layout_loops_ring,
          chequers_ecumenical_altar_grove, minmay_misc_feat_roman
D:2:      layout_basic, basic_altar, serial_shops, shop, uniq_crazy_yiuf_cottage
D:4:      layout_basic, nicolae_stop_n_shop_2, minmay_manual_macuahuitl,
          uniq_natasha, uniq_grinder, uniq_sigmund

Skill      XL: |  1  2  3  4 |
---------------+-------------+-----
Long Blades    | 4 5 |  5.7
Fighting       | 4 |  4.5
Armour         | |  2.0
Dodging        | |  2.0

Action                   |  1- 3 |  4- 6 || total
-------------------------+-------+-------++-------
Melee: Falchion          |    92 |    20 ||   112
Invok: Berserk           |     1 |     1 ||     2
       Trog's Hand       |       |     1 ||     1
  Use: Scroll            |       |     1 ||     1
       Potion            |       |     1 ||     1
Armor: Animal skin       |    18 |     2 ||    20
Dodge: Dodged            |    86 |    22 ||   108
       Rpst.: Falchion   |    22 |     6 ||    28
